 Dungeon Crawl Stone Soup version 0.25-a0-663-gace7076f2c (webtiles) character file.

Game seed: 2845273176236665259, levelgen mode: deterministic

178 Esekla the Stinger (level 5, -13/34 HPs)
             Began as an Octopode Venom Mage on Mar 25, 2020.
             Mangled by an ogre
             ... wielding a cursed +0 giant spiked club
              (21 damage)
             ... on level 4 of the Dungeon.
             The game lasted 00:21:06 (3006 turns).

Esekla the Stinger (Octopode Venom Mage)            Turns: 3006, Time: 00:21:07

Health: -13/34     AC:  1    Str:  8    XL:     5   Next: 58%
Magic:  1/9        EV: 14    Int: 17    God:
Gold:   87         SH:  0    Dex: 13    Spells: 5/10 levels left

rFire    . . .     SeeInvis .   c - +2 short sword (venom)
rCold    . . .     Gourm    .   (no shield)
rNeg     . . .     Faith    .   (helmet restricted)
rPois    .         Spirit   .   (no amulet)
rElec    .         Reflect  .   l - ring of teleportation (curse)
rCorr    .         Harm     .   (no ring)
MR       .....     Rnd*Tele +   (no ring)
Stlth    +++.......             (no ring)
HPRegen  0.11/turn              (no ring)
MPRegen  0.11/turn              (no ring)
                                (no ring)
                                (no ring)

@: very slightly contaminated
A: almost no armour, stealthy swim, amphibious, 8 rings, constrict 8, camouflage
1, gelatinous body 1
a: no special abilities


You were on level 4 of the Dungeon.
You were hungry.

You visited 1 branch of the dungeon, and saw 4 of its levels.

You collected 87 gold pieces.

Inventory:

Hand Weapons
 c - a +2 short sword of venom (weapon)
 e - a +0 falchion
Missiles
 f - 50 poisoned darts (quivered)
 h - 3 silver javelins
 j - 2 boomerangs
 m - 8 javelins
Jewellery
 l - a cursed ring of teleportation (left tentacle)
Scrolls
 k - 3 scrolls of remove curse
 n - a scroll of fog
Potions
 a - a potion of flight
 d - a potion of stabbing
 g - a potion of heal wounds
 i - a potion of curing
 o - a potion of berserk rage {unknown}
Comestibles
 b - 5 rations


   Skills:
 * Level 2.0 Fighting
 * Level 1.1 Short Blades
 * Level 2.6 Dodging
 - Level 3.1 Stealth
 * Level 3.2 Spellcasting
 * Level 0.5 Conjurations
   Level 1.0 Transmutations
 * Level 1.5 Air Magic
 + Level 4.1 Poison Magic


You had 5 spell levels left.
You knew the following spells:

 Your Spells              Type           Power        Failure   Level  Hunger
c - Mephitic Cloud        Conj/Pois/Air  #.......     22%         3    ###....
v - Poisonous Vapours     Pois/Air       ##....       9%          2    ##.....

Your spell library contained the following spells:

 Spells                   Type           Power        Failure   Level  Hunger
 Sting                    Tmut/Pois      ##..         6%          1    None
 Ignite Poison            Fire/Tmut/Pois #.......     26%         3    ###....
 Olgreb's Toxic Radiance  Pois           ###.....     30%         4    ####...


Dungeon Overview and Level Annotations

Branches:
Dungeon (4/15)
 Temple: D:4-7

Altars:


Innate Abilities, Weirdness & Mutations

You cannot wear most types of armour.
You are very stealthy in the water. (Stealth+)
You are amphibious.
You can wear up to eight rings at the same time.
You can use your tentacles to constrict eight enemies at once.
Your skin changes colour to match your surroundings (Stealth+).
Your rubbery body absorbs attacks. (AC +1, EV +1)


Message History

Casting: Poisonous Vapours (safe; 9% risk of failure)
Confirm with . or Enter, or press ? or * to list all spells.
Aiming: Poisonous Vapours (safe; 9% risk of failure)
Press: ? - help, Dir - move target cursor, f/p - ogre
Aim: an ogre, wielding a +0 giant spiked club (heavily wounded, poisoned) Poisonous vapours surround the ogre!
The ogre is engulfed in poison gas.
The ogre looks even sicker.
The ogre hits you with a cursed +0 giant spiked club!!
Ouch! That really hurt!
* * * LOW HITPOINT WARNING * * *
Casting: Poisonous Vapours (safe; 9% risk of failure)
Confirm with . or Enter, or press ? or * to list all spells.
You don't have enough magic to cast that spell.
You barely miss the ogre.
The ogre is almost dead.
You hit the ogre but do no damage.
The ogre looks even sicker.
The ogre is almost dead.
The ogre hits you with a cursed +0 giant spiked club!!
Ouch! That really hurt!
You die...

..........###########
#####....##
#.........#
...........##
............##
.###.....##..##
#########..# ##O##
##@# ###


You could see an ogre.

Vanquished Creatures
  An orc priest (D:3)
  Robin (D:2)
  5 adders
  An ooze (D:1)
  An adder skeleton (D:3)
  A worm (D:2)
  2 leopard geckos
  9 orcs (D:3)
  A ball python (D:2)
  5 giant cockroaches
  10 goblins
  12 hobgoblins
  A quokka (D:3)
  7 bats
  5 frilled lizards
  8 kobolds
  A leopard gecko skeleton (D:4)
  A rat (D:3)
72 creatures vanquished.

Notes
Turn   | Place    | Note
-------+----------+-------------------------------------------
     0 | D:1      | Esekla the Octopode Venom Mage began the quest for the Orb.
     0 | D:1      | Reached XP level 1. HP: 11/11 MP: 3/3
    84 | D:1      | Reached XP level 2. HP: 14/17 MP: 3/5
    91 | D:1      | Learned a level 2 spell: Poisonous Vapours
   298 | D:1      | Reached skill level 4 in Poison Magic
   623 | D:1      | Reached XP level 3. HP: 16/21 MP: 7/7
   628 | D:1      | Learned a level 3 spell: Mephitic Cloud
  1023 | D:2      | Noticed Robin
  1109 | D:2      | Killed Robin
  1344 | D:2      | Reached XP level 4. HP: 22/27 MP: 8/8
  1416 | D:2      | Reached skill level 1 in Air Magic
  1456 | D:2      | Reached skill level 1 in Fighting
  1972 | D:3      | Reached XP level 5. HP: 34/34 MP: 6/9
  2423 | D:3      | Reached skill level 1 in Short Blades
  2990 | D:4      | Noticed an ogre
  3006 | D:4      | Mangled by an ogre

Levels and vault maps discovered:
D:1:      matt_arrival_diagonals, layout_basic, chequers_serial_rivers_micro_c
D:2:      layout_basic, minmay_octomino_e4, uniq_robin
D:3:      layout_basic, kennysheep_big_empty_room, nrook_mini_vaults
D:4:      layout_cave_pods, first_ration

Skill      XL: |  1  2  3  4  5 |
---------------+----------------+-----
Poison Magic   | 4 |  4.1
Air Magic      | 1 |  1.5
Fighting       | 1 2 |  2.0
Spellcasting   | 3 |  3.2
Stealth        | 3 |  3.1
Short Blades   | 1 |  1.1
Dodging        | |  2.6
Conjurations   | |  0.5
Transmutations | |  1.0

Action                   |  1- 3 |  4- 6 || total
-------------------------+-------+-------++-------
Melee: Dagger            |    39 |       ||    39
       Constrict         |    10 |    13 ||    23
       Tentacles         |     8 |    10 ||    18
       Short sword       |     5 |    49 ||    54
Throw: Dart              |       |    10 ||    10
 Cast: Sting             |     4 |       ||     4
       Poisonous Vapours |    16 |    19 ||    35
       Mephitic Cloud    |       |     1 ||     1
  Use: Scroll            |     8 |     2 ||    10
 Stab: Sleeping          |     4 |     2 ||     6
       Distracted        |       |     1 ||     1
  Eat: Chunk             |     2 |     6 ||     8
Armor: Skin              |     6 |     4 ||    10
Dodge: Dodged            |    29 |    26 ||    55

Table legend:
 A = Non-vault XP
 B = Vault XP
 C = Vault XP percentage of total XP
 D = Non-vault monster count
 E = Vault monster count
 F = Vault count percentage of total count
                 A         B        C        D         E       F
            +---------+---------+-------+---------+---------+-------
      Total |     225 |      30 |  11.8 |      63 |       9 |  12.5
            +---------+---------+-------+---------+---------+-------
        D:1 |      35 |       1 |   2.8 |      19 |       1 |   5.0
        D:2 |      68 |      29 |  29.9 |      17 |       8 |  32.0
        D:3 |     102 |       0 |   0.0 |      23 |       0 |   0.0
        D:4 |      20 |       0 |   0.0 |       4 |       0 |   0.0
            +---------+---------+-------+---------+---------+-------
